 Dungeon Crawl Stone Soup version 0.21.1-1-g345015fe64 (webtiles) character file.

140 Evaline the Gusty (level 5, -2/38 HPs)
             Began as a Draconian Air Elementalist on June 6, 2018.
             Slain by Grinder (5 damage)
             ... while paralysed by Grinder
             ... on level 3 of the Dungeon.
             The game lasted 00:37:43 (2767 turns).

Evaline the Gusty (Draconian Air Elementalist)      Turns: 2767, Time: 00:37:43

Health: -2/38      AC:  6    Str: 11    XL:     5   Next: 2%
Magic:  9/9        EV:  2    Int: 16    God:
Gold:   92         SH:  0    Dex: 11    Spells: 0/10 levels left

rFire    . . .     SeeInvis .   f - +0 short sword
rCold    . . .     Gourm    .   (no shield)
rNeg     . . .     Faith    .   (armour unavailable)
rPois    .         Spirit   .   (helmet restricted)
rElec    .         Reflect  .   q - +0 cloak
rCorr    .         Harm     .   (no gloves)
MR       .....                  (no boots)
Stlth    ++........             (no amulet)
HPRegen  0.12/turn              (no ring)
MPRegen  0.11/turn              (no ring)

@: paralysed
A: unfitting armour, cold-blooded, AC +5
a: no special abilities


You were on level 3 of the Dungeon.
You were hungry.

You visited 1 branch of the dungeon, and saw 3 of its levels.

You collected 92 gold pieces.

Inventory:

Hand Weapons
 f - a +0 short sword (weapon)
 v - a cursed -3 hunting sling
 x - a +0 trident
 y - a +1 dagger of draining
Missiles
 e - 33 stones (quivered)
 h - 11 bolts
 p - 16 poisoned needles
 w - 17 sling bullets
Armour
 q - a +0 cloak (worn)
Jewellery
 c - an uncursed ring of see invisible {unknown}
 l - an uncursed ring of stealth {unknown}
 r - an uncursed ring of positive energy {unknown}
 s - a cursed -3 ring of protection {unknown}
Scrolls
 d - a scroll of fog {unknown}
 g - 3 scrolls of identify {unknown}
 i - a scroll of blinking {unknown}
 k - a scroll of enchant armour {unknown}
 n - 2 scrolls of remove curse {unknown}
 u - a scroll of amnesia {unknown}
 z - a scroll of teleportation {unknown}
 A - a scroll of immolation {unknown}
Potions
 j - 3 potions of magic {unknown}
 m - 2 potions of mutation {unknown}
 t - a potion of lignification {unknown}
 B - a potion of might {unknown}
 C - a potion of degeneration {unknown}
Books
 a - a book of Air

   Spells                             Type                      Level
   a - Shock                          Conjuration/Air              1
   b - Swiftness                      Charms/Air                   2
   c - Static Discharge               Conjuration/Air              3
   d - Airstrike                      Air                          4
   e - Lightning Bolt                 Conjuration/Air              5
Comestibles
 b - 5 rations
 o - 2 chunks of flesh


   Skills:
 + Level 2.0 Dodging
 + Level 2.0 Stealth
 + Level 3.0 Spellcasting
 * Level 2.1 Conjurations
 - Level 1.0 Charms
 + Level 4.1 Air Magic


You couldn't memorise any spells.
You knew the following spells:

 Your Spells              Type           Power        Failure   Level  Hunger
a - Shock                 Conj/Air       ##..         4%          1    #......
b - Swiftness             Chrm/Air       ##......     10%         2    ##.....
c - Static Discharge      Conj/Air       ##......     16%         3    ###....
d - Airstrike             Air            ###.......   32%         4    #####..


Dungeon Overview and Level Annotations

Branches:
Dungeon (3/15)

Altars:

Annotations:
D:3 2 transporters, Grinder, Sigmund


Innate Abilities, Weirdness & Mutations

Your plain brown scales are hard. (AC +5)
You cannot fit into any form of body armour.
You are cold-blooded and may be slowed by cold attacks.


Message History

You feel sluggish.
Grinder blinks!
Grinder gestures at you. Pain shoots through your body!
Grinder gestures at you.
You barely resist.
You see here an emerald potion.
C - an emerald potion You are feeling hungry.
You start to feel a little faster.
Grinder gestures at you.
You suddenly lose the ability to move!
Grinder gestures at you. Pain shoots through your body! Grinder hits you.
You writhe in agony.
You no longer feel sluggish.
Grinder hits you!
* * * LOW HITPOINT WARNING * * *
You writhe in agony.
You die...

#....#......#....
###..#.##...#.#.#
#......#....#.#
#.##...#.# #..#
######...#....# #.##
....##..#.#.# #.#
#.#.##......####.##
###.#....#..........#
#..5@....#..#######.#
#.#.#........# #.# #
#.#.#..#...#.# #.#
#.##.#.#........# #..
#........####.###
##.. ####.##### #.#
#... #.# #.# ##.. #.#
#'## #.# #.## #...#
#.#


You could see Grinder.

Vanquished Creatures
  Terence (D:2)
  Robin (D:3)
  An adder (D:2)
  2 oozes
  A worm (D:2)
  2 dart slugs
  6 orcs (D:3)
  9 bats
  5 giant cockroaches
  11 goblins
  11 hobgoblins
  2 jackals (D:1)
  8 kobolds
  A quokka (D:3)
  4 frilled lizards
  2 rats
67 creatures vanquished.

Notes
Turn   | Place    | Note
-------+----------+-------------------------------------------
     0 | D:1      | Evaline the Draconian Air Elementalist began the quest for the Orb.
     0 | D:1      | Reached XP level 1. HP: 14/14 MP: 3/3
   320 | D:1      | Reached XP level 2. HP: 8/20 MP: 0/5
   549 | D:1      | Learned a level 2 spell: Swiftness
  1383 | D:2      | Reached XP level 3. HP: 22/26 MP: 2/6
  1610 | D:2      | Noticed Terence
  1866 | D:2      | Killed Terence
  1866 | D:2      | Reached skill level 4 in Air Magic
  1866 | D:2      | Reached XP level 4. HP: 24/33 MP: 0/8
  1871 | D:2      | Learned a level 3 spell: Static Discharge
  2309 | D:3      | Noticed Robin
  2328 | D:3      | Reached skill level 1 in Charms
  2352 | D:3      | Killed Robin
  2502 | D:3      | Found a transporter.
  2546 | D:3      | Found a transporter.
  2589 | D:3      | Noticed Sigmund
  2616 | D:3      | Reached XP level 5. HP: 38/38 MP: 4/9
  2625 | D:3      | Learned a level 4 spell: Airstrike
  2712 | D:3      | Noticed Grinder
  2742 | D:3      | Paralysed by Grinder for 7 turns
  2764 | D:3      | Paralysed by Grinder for 7 turns
  2767 | D:3      | Slain by Grinder

Skill      XL: |  1  2  3  4 |
---------------+-------------+-----
Dodging        | 2 |  2.0
Stealth        | 2 |  2.0
Air Magic      | 4 |  4.1
Charms         | 1 |  1.0
Conjurations   | 2 |  2.1
Spellcasting   | 3 |  3.0

Action                   |  1- 3 |  4- 6 || total
-------------------------+-------+-------++-------
Melee: Dagger            |    17 |       ||    17
       Tailslap          |     4 |       ||     4
       Short sword       |    18 |    10 ||    28
Throw: Stone             |     1 |       ||     1
 Cast: Shock             |    63 |    48 ||   111
       Swiftness         |       |     1 ||     1
  Eat: Chunk             |     1 |     2 ||     3
       Ration            |     1 |       ||     1
Armor: Skin              |    16 |    14 ||    30
Dodge: Dodged            |    48 |    36 ||    84
